 Dungeon Sprint DCSS version 0.22-a0-166-g5351223 (webtiles) character file.

16 Arthanis the Skirmisher (level 2, -4/34 HPs)
             Began as an Octopode Monk on Feb 13, 2018.
             Was a Believer of Qazlal.
             Slain by a draconian
             ... wielding a +0 falchion
              (13 damage)
             ... in the Dungeon (Sprint V: "Ziggurat Sprint").
             The game lasted 00:01:38 (84 turns).

Arthanis the Skirmisher (Octopode Monk)               Turns: 84, Time: 00:01:39

Health: -4/34      AC:  4    Str: 15    XL:     2   Next: 58%
Magic:  4/5        EV:  8    Int: 12    God:    Qazlal [**....]
Gold:   0          SH: 28    Dex: 14    Spells: 1/1 levels left

rFire    + . .     SeeInvis .   F - +8 lance "Wyrmbane" {slay drac, rPois rF+ rC+ AC+3}
rCold    + . .     Gourm    .   E - +18 shield of the Gong {rElec rN+ MR+ EV-5}
rNeg     + . .     Faith    .   (helmet restricted)
rPois    +         Spirit   .   (no amulet)
rElec    +         Reflect  .   (no ring)
rCorr    .         Harm     .   (no ring)
MR       +....     NoTele   +   (no ring)
Stlth    ..........             (no ring)
HPRegen  0.11/turn              (no ring)
MPRegen  0.09/turn              (no ring)
                                (no ring)
                                (no ring)

@: mighty, berserking, very slightly contaminated, invisible, very quick
A: almost no armour, stealthy swim, amphibious, 8 rings, constrict 8, camouflage
1, gelatinous body 1
a: Upheaval, Renounce Religion


You were in the Dungeon.
You worshipped Qazlal.
Qazlal was pleased with you.
You were not hungry.

You visited 1 branch

Inventory:

Hand Weapons
 a - a +0 spear
 F - the +8 lance "Wyrmbane" (weapon) {slay drac, rPois rF+ rC+ AC+3}
   (You found it in the Dungeon)

   It affects your AC (+3).
   It protects you from fire.
   It protects you from cold.
   It protects you from poison.
Armour
 l - a scarf of cloud immunity
 E - the +18 shield of the Gong (worn) {rElec rN+ MR+ EV-5}
   (You found it in the Dungeon)

   It affects your evasion (-5).
   It insulates you from electricity.
   It protects you from negative energy.
   It affects your resistance to hostile enchantments.
Jewellery
 x - a +6 ring of dexterity
 y - a +6 ring of dexterity
 z - a +6 ring of intelligence
 A - a +6 ring of intelligence
 B - a +6 ring of strength
 C - a +6 ring of strength
Wands
 u - a wand of disintegration (7)
 v - a wand of iceblast (7)
 w - a wand of acid (7)
Scrolls
 h - 4 scrolls of blinking
 o - 4 scrolls of amnesia
 p - 7 scrolls of fog
 q - a scroll of holy word
 r - 5 scrolls of identify
 s - 5 scrolls of remove curse
 t - 2 scrolls of fear
Potions
 c - 10 potions of curing
 d - 10 potions of heal wounds
 e - 6 potions of haste
 f - 7 potions of magic
 g - 2 potions of berserk rage
 i - 2 potions of brilliance
 j - a potion of invisibility
 k - 4 potions of resistance
 m - 5 potions of agility
 n - 4 potions of might
Miscellaneous
 D - a lightning rod (4/4)
Comestibles
 b - 7 rations


   Skills:
 + Level 4.9 Fighting
 + Level 4.9 Polearms
 - Level 4.7 Dodging
 - Level 2.6 Stealth
 + Level 0.7 Shields
 + Level 4.0 Evocations


You had one spell level left.
You didn't know any spells.

Dungeon Overview and Level Annotations

Branches:
Dungeon (1/1)

Altars:
Ashenzari
Cheibriados
Dithmenos
Elyvilon
Fedhas
Gozag
Hepliaklqana
Kikubaaqudgha
Makhleb
Nemelex Xobeh
Okawaru
Qazlal
Ru
Sif Muna
Trog
Uskayaw
Vehumet
Wu Jian
Xom
Yredelemnul
Zin
The Shining One
Beogh
Jiyva
Lugonu

Annotations:
D 1 transporter


Innate Abilities, Weirdness & Mutations

You cannot wear most types of armour.
You are very stealthy in the water. (Stealth+)
You are amphibious.
You can wear up to eight rings at the same time.
You can use your tentacles to constrict eight enemies at once.
Your skin changes colour to match your surroundings (Stealth+).
Your rubbery body absorbs attacks. (AC +1, EV +1)


Message History

Attack whom?
Press: ? - help, Dir - move target cursor, f - draconian
Aim: a draconian, wielding a falchion You reach to attack!
Your shield prevents you from hitting the draconian.
The draconian roars!
The draconian roars!
The black draconian roars!
You puncture the draconian!
The draconian convulses!
Your grab misses the draconian.
The draconian is heavily wounded.
You block the draconian's attack.
BOUMMMMG!
The black draconian breathes lightning at you.
The bolt of lightning hits you! You resist.
Ouch! That really hurt!
* * * LOW HITPOINT WARNING * * *
A red film seems to cover your vision as you go berserk!
You feel yourself moving faster!
You feel mighty! The draconian hits you with a falchion!
You die...

▓▓▓▓▓▓▓▓▓▓▓▓▓
▓.8©8.▓.8©8.▓
▓.)}}.▓.....▓
▓....d▓...|.▓
▓.....▓.....▓
▓.§dd.▓..†..▓
▓..@..▓..©..▓
▓..§..▓▓▓▓▓▓▓
▓▓▓▓▓▓▓


You could see a black draconian and 2 draconians.

Vanquished Creatures
  An adder (D)
  A ball python (D)
2 creatures vanquished.

Notes
Turn   | Place    | Note
-------+----------+-------------------------------------------
     0 | D        | Found the +6 Majin-Bo {vamp, Archmagi MP+6 Int+6}
     0 | D        | Found the +7 great mace "Firestarter" {inner flame, rF++}
     0 | D        | Arthanis the Octopode Monk began the quest for the Orb.
     0 | D        | Reached XP level 1. HP: 16/16 MP: 1/1
     0 | D        | Found a deep blue altar of Sif Muna.
     0 | D        | Found a sacrificial altar of Ru.
     0 | D        | Found a bloodstained altar of Trog.
     0 | D        | Found a stormy altar of Qazlal.
     0 | D        | Found an iron altar of Okawaru.
     0 | D        | Found a sparkling altar of Nemelex Xobeh.
     0 | D        | Found a blossoming altar of Fedhas.
     2 | D        | Found a transporter.
     2 | D        | Found an ancient bone altar of Kikubaaqudgha.
     2 | D        | Found a viscous altar of Jiyva.
     2 | D        | Found a corrupted altar of Lugonu.
     2 | D        | Found a hazy altar of Hepliaklqana.
     2 | D        | Found a burning altar of Makhleb.
     2 | D        | Found an opulent altar of Gozag.
    18 | D        | Found the +9 heavy crossbow "Sniper" {velocity, Acc+∞ SInv}
    18 | D        | Found the +10 dark maul {crush}
    18 | D        | Found the +15 Maxwell's patent armour {-Cast -Tele rElec MR+ rCorr}
    18 | D        | Found the +18 shield of the Gong {rElec rN+ MR+ EV-5}
    18 | D        | Found the cursed +14 obsidian axe {chop, +Fly SInv *Curse}
    20 | D        | Found the +6 shillelagh "Devastator" {shatter}
    20 | D        | Found the +11 plutonium sword {*Contam Stlth-}
    20 | D        | Found the +8 lance "Wyrmbane" {slay drac, rPois rF+ rC+ AC+3}
    20 | D        | Found the +9 sword of Zonguldrok {reap}
    20 | D        | Found the cursed +13 scythe of Curses {drain, *Curse}
    20 | D        | Found the +0 sword of Power
    20 | D        | Found the +7 mace of Variability {chaos}
    20 | D        | Found the +7 Singing Sword
    20 | D        | Found the +7 longbow "Piercer" {penet, EV-2}
    49 | D        | Became a worshipper of Qazlal Stormbringer
    49 | D        | Reached * piety under Qazlal
    49 | D        | Reached ** piety under Qazlal
    50 | D        | Reached XP level 2. HP: 23/23 MP: 1/4
    67 | D        | Entered arena 2.
    67 | D        | Found a transporter.
    79 | D        | Entered arena 3.
    79 | D        | Noticed a draconian
    79 | D        | Noticed a black draconian
    79 | D        | Noticed a draconian
    79 | D        | Found a transporter.
    84 | D        | Slain by a draconian

Vault maps used:
D:        sprint_v

Skill      XL: |  1  2 |
---------------+-------+-----
Fighting       | 4 |  4.9
Polearms       | 4 |  4.9
Dodging        | 4 |  4.7
Evocations     | 3 4 |  4.0
Stealth        | |  2.6
Shields        | |  0.7

Action                   || total
-------------------------++-------
Melee: Lance             ||     4
  Use: Potion            ||     4
Dodge: Dodged            ||     1
Block: Shield            ||     3

Table legend:
 A = Spawn XP
 B = Non-spawn XP
 C = Spawn XP percentage of total XP
 D = Spawn monster count
 E = Non-spawn monster count
 F = Spawn count percentage of total count
 G = Total turns spent on level
                    A         B        C        D         E        F      G
               +---------+---------+-------+---------+---------+-------+---------
         Total |       0 |      14 |   0.0 |       0 |       2 |   0.0 |    84
               +---------+---------+-------+---------+---------+-------+---------
             D |       0 |      14 |   0.0 |       0 |       2 |   0.0 |    84
               +---------+---------+-------+---------+---------+-------+---------
